Map: King's Cove LE

Players

wootwoot - Winner!

  • Race: Protoss Protoss
  • League: Silver
  • Spawn Location: 11:00

BST

  • Race: Protoss Protoss
  • League: Silver
  • Spawn Location: 5:00

VOD

Have the link to the VOD?

Description

Time

  • Played on: April 21, 2025, 10:09 a.m.
  • Length: 3:54
Show
View Real Time Build Order
Export as new Build Order

wootwoot Protoss - Winner!

Build Orders:  

Get SALT Encoding   

  12  0:00  Probe  
  13  0:12  Probe  
  14  0:19  Pylon  
  14  0:24  Probe  
  15  0:33  Probe  
  15  0:38  Gateway  
  15  0:41  Probe  
  17  0:51  Probe  
  17  0:56  Gateway  
  18  1:03  Probe  
  19  1:05  Assimilator  
  19  1:11  Assimilator  
  19  1:15  Probe  
  20  1:25  Cybernetics Core  
  20  1:28  Probe  
  21  1:35  Pylon  
  21  1:40  Probe  
  21  1:42  Warp Gate  
  22  1:52  Probe  
  23  2:01  Adept x2  
  27  2:13  Robotics Facility  
  27  2:31  Adept x2  
  27  2:37  Gateway  
  31  2:47  Gateway  
  31  2:56  Pylon  
  31  3:05  Warp Prism  
  31  3:52  Stalker x4  
Show
View Real Time Build Order
Export as new Build Order

BST Protoss 

Build Orders:  

Get SALT Encoding   

  12  0:10  Pylon  
  12  0:16  Probe  
  13  0:24  Probe  
  14  0:37  Gateway  
  14  0:43  Assimilator  
  14  1:06  Forge  
  14  1:12  Probe  
  15  1:24  Zealot, Probe  
  18  1:43  Photon Cannon  
  18  1:47  Photon Cannon  
  18  1:57  Assimilator  
  18  2:12  Pylon  
  18  2:18  Probe  
  19  2:26  Zealot  
  21  2:30  Probe  
  22  2:42  Cybernetics Core, Probe  
  23  2:55  Photon Cannon  
  23  3:01  Zealot  
Tags
 
Matchup
PvP
Replay Pack
#1B2M-Replays
Spawn Locations
Cross Positions
Add a new tag
Caveats
  • Supply blocks, unpowered buildings, or Contaminate may cause inaccurate times.
  • Supply counts are checked every 10 seconds.